 Dungeon Crawl Stone Soup version 0.31-a0-765-g67fe2935dc (webtiles) character file.

Game seed: 547119196337267320

298 LeprechaunX the Changeling (level 6, -1/41 HPs)
             Began as an Octopode Shapeshifter on Sept 15, 2023.
             Slain by a black bear (2 damage)
             ... on level 4 of the Dungeon.
             The game lasted 00:03:41 (2723 turns).

LeprechaunX the Changeling (Octopode Shapeshifter)  Turns: 2723, Time: 00:03:41

Health: -1/41      AC:  1    Str: 15    XL:     6   Next: 36%
Magic:  6/6        EV: 13    Int: 12    God:
Gold:   124        SH:  0    Dex: 12    Spells: 5/5 levels left

rFire   . .          .
                       - Unarmed
rCold   . . .        (no shield)
rNeg    . . .        (helmet currently unavailable)
rPois   .            (no amulet)
rElec   .            (no ring)
rCorr   .            (no ring)
SInv    .            (no ring)
Will    .....        (no ring)
Stlth   ++           (no ring)
HPRegen 0.26/turn    (no ring)
MPRegen 0.10/turn    (no ring)
                     (no ring)

%: no passive effects
@: beast-form
A: beast (slay +2), almost no armour, amphibious, 8 rings, camouflage 1,
gelatinous body 1, (nimble swimmer 1), tentacles
a: Begin Untransformation


You were on level 4 of the Dungeon.
You were a hulking beast.
You visited 1 branch of the dungeon, and saw 4 of its levels.

You collected 124 gold pieces.

Inventory:

Hand Weapons
 a - a +0 sling
Jewellery
 l - a ring of fire
Talismans
 b - a beast talisman (active)
 c - a flux talisman
Wands
 m - a wand of iceblast (12)
Scrolls
 d - 6 scrolls of teleportation {unknown}
 g - 2 scrolls of identify {unknown}
 i - a scroll of enchant armour {unknown}
 p - a scroll of fear {unknown}
Potions
 e - 2 potions of ambrosia {unknown}
 f - a potion of degeneration {unknown}
 h - a potion of lignification
 j - a potion of heal wounds {unknown}
 k - a potion of invisibility {unknown}
 n - a potion of enlightenment {unknown}
 o - a potion of attraction {unknown}


   Skills:
 + Level 2.8 Fighting
 + Level 3.3 Dodging
 + Level 4.1 Unarmed Combat
 * Level 4.6 Shapeshifting


You had 5 spell levels left.
You didn't know any spells.
Your spell library contained the following spells:

 Spells                   Type           Power      Damage    Failure   Level
 Wereblood                Tmut           0%         N/A       45%         2
 Irradiate                Conj/Tmut      0%         3d11      100%        5


Dungeon Overview and Level Annotations

Branches:
Dungeon (4/15)
 Temple: D:4-7

Altars:
Trog


Innate Abilities, Weirdness & Mutations

You are a hulking beast.
Your limbs bulge with bestial killing power. (Slay +2)
You cannot wear most types of armour.
You are amphibious.
You can wear up to eight rings at the same time.
Your skin changes colour to match your surroundings (Stealth+).
Your rubbery body absorbs attacks. (AC +1, EV +1)
((You are camouflaged when in or above water. (Stealth+)))
You have tentacles for arms and can constrict up to eight enemies at once.


Message History

You shoot a sling bullet.
The sling bullet hits the black bear but does no damage.
The black bear is moderately wounded.
The black bear misses you. The black bear claws you. x2
Fire: a) +0 sling
Press: ? - help, Shift-Dir - straight line, f/p - black bear
Aim: a black bear (moderately wounded, 67% to hit)
Aiming: Iceblast
Press: ? - help, Shift-Dir - straight line, f/p - black bear
Aim: a black bear (moderately wounded)
Okay, then.
Unknown command.
Aiming: Iceblast
Press: ? - help, Shift-Dir - straight line, p - black bear
Okay, then.
Unknown command.
The black bear attacks as it pursues you!
The black bear completely misses you. The black bear closely misses you.
The black bear claws you.
You shoot a sling bullet. The sling bullet hits the black bear.
The black bear is heavily wounded.
The black bear attacks as it pursues you!
The black bear closely misses you. The black bear claws you. x2
You are now empty-tentacled.
You bludgeon the black bear! You grab the black bear.
The black bear is severely wounded.
You constrict the black bear.
The black bear goes berserk!
The black bear bites you. The black bear claws you. x2
You tentacle-slap the black bear. You squeeze the black bear.
The black bear is almost dead.
You constrict the black bear, but do no damage.
The black bear bites you! The black bear closely misses you.
The black bear barely misses you. The black bear bites you!
* * * LOW HITPOINT WARNING * * *
The black bear barely misses you. x2
You tentacle-slap the black bear.
The black bear is almost dead.
You constrict the black bear. The black bear barely misses you.
The black bear claws you.
You die...

##...#
.####...##
........#
........#
........##
##......)##
#...###..##
#..# ##..##
#.# ##hh##
#.. ##h.##
.. ##.[#
##..#
##...#
#h..##
#...###
.....###
.....#


You could see 2 black bears.

Vanquished Creatures
  A phantom (D:4)
  Jessica (D:3)
  Terence (D:3)
  An orc wizard (D:4)
  5 adders
  A worm (D:3)
  2 dart slugs
  5 orcs
  7 ball pythons
  3 endoplasms
  4 giant cockroaches
  10 goblins
  10 hobgoblins
  18 jackals
  2 quokkas
  5 frilled lizards
  4 kobolds
  5 rats
85 creatures vanquished.

Notes
Turn   | Place    | Note
-------+----------+-------------------------------------------
     0 | D:1      | LeprechaunX the Octopode Shapeshifter began the quest for
                  | the Orb.
     0 | D:1      | Reached XP level 1. HP: 13/13 MP: 1/1
   102 | D:1      | Reached XP level 2. HP: 17/18 MP: 2/2
   707 | D:1      | Reached XP level 3. HP: 23/23 MP: 3/3
  1204 | D:2      | Reached XP level 4. HP: 26/29 MP: 4/4
  1768 | D:3      | Noticed Jessica
  1774 | D:3      | Killed Jessica
  1883 | D:3      | Reached XP level 5. HP: 31/34 MP: 5/5
  1894 | D:3      | Found a faded altar of an unknown god.
  2131 | D:3      | Noticed Terence
  2145 | D:3      | Killed Terence
  2445 | D:4      | Noticed a phantom
  2462 | D:4      | Killed a phantom
  2463 | D:4      | Reached XP level 6. HP: 28/41 MP: 6/6
  2708 | D:4      | Found a bloodstained altar of Trog.
  2708 | D:4      | Noticed a black bear
  2708 | D:4      | Noticed a black bear
  2722 | D:4      | HP: 1/41 [black bear (12)]
  2723 | D:4      | Slain by a black bear

Illustrated notes

Levels and vault maps discovered:
D:1:      tarquinn_simple_flora_water_c, layout_basic
D:2:      layout_basic
D:3:      layout_rooms, basic_ecumenical_altar, uniq_terence, uniq_jessica
D:4:      layout_layer_cave, trog_ov_bears_minmay

Skill      XL: |  1  2  3  4  5 |
---------------+----------------+-----
Fighting       | 2 |  2.8
Shapeshifting  | 4 |  4.6
Dodging        | 3 |  3.3
Unarmed Combat | 4 |  4.1

Action                     |  1- 3 |  4- 6 || total
---------------------------+-------+-------++-------
  Melee: Unarmed           |    77 |   105 ||   182
         Tentacles         |    16 |    20 ||    36
         Constrict         |    19 |    26 ||    45
         Punch             |     2 |     2 ||     4
   Fire: Sling             |       |    11 ||    11
   Stab: Sleeping          |     3 |     3 ||     6
 Armour: Skin              |    26 |    57 ||    83
  Dodge: Dodged            |    50 |    80 ||   130

Table legend: (Time is in decaauts)
 A = Elapsed time spent in this place.
 B = Non-inter-level travel time spent in this place.
 C = Inter-level travel time spent in this place.
 D = Time resting spent in this place.
 E = Time spent auto-exploring this place.
 F = Levels seen in this place.
 G = Mean time per level.
                   A        B        C        D        E       F      G
               +--------+--------+--------+--------+--------+-----+--------+
         Total |   2713 |   2546 |    167 |      0 |   2116 |   4 |  678.2 |
       Dungeon |   2713 |   2546 |    167 |      0 |   2116 |   4 |  678.2 |
               +--------+--------+--------+--------+--------+-----+--------+

Top non-repeatable levels by time:
     D:1: 951 daAuts
     D:2: 811 daAuts
     D:3: 539 daAuts
     D:4: 410 daAuts
